 Dungeon Crawl Stone Soup version 0.19-a0-683-g5f2401d (webtiles) character file.

900 Krapule the Poker (level 8, 0/61 HPs)
             Began as a Merfolk Skald on June 17, 2016.
             Was an Initiate of Hepliaklqana.
             Killed from afar by an orc wizard (13 damage)
             ... with a puff of flame
             ... on level 6 of the Dungeon.
             The game lasted 00:21:22 (5863 turns).

Krapule the Poker (Merfolk Skald)                   Turns: 5863, Time: 00:21:23

Health: 0/61       AC:  6    Str: 12    XL:     8   Next: 7%
Magic:  12/12      EV: 17    Int: 11    God:    Hepliaklqana [......]
Gold:   325        SH:  0    Dex: 16    Spells: 2 memorised, 9 levels left

rFire  . . .     SeeInvis +     n - +1 glaive
rCold  . . .     Gourm    .     b - +0 leather armour
rNeg   . . .     Faith    .     (shield currently unavailable)
rPois  .         Spirit   .     (no helmet)
rElec  .         Dismiss  .     y - +1 cloak
rCorr  .         Reflect  .     (no gloves)
SustAt .         Harm     .     k - +0 pair of boots
MR     .....                    (no amulet)
Stlth  +.........               B - ring of see invisible
                                h - +2 ring of evasion

@: infused (expiring), not resistant to hostile enchantments, very unstealthy
A: change form in water, swift swim
a: Recall Ancestor, Ancestor Identity, Renounce Religion


You were on level 6 of the Dungeon.
You worshipped Hepliaklqana.
Hepliaklqana was noncommittal.
You were not hungry.

You visited 1 branch of the dungeon, and saw 6 of its levels.

You collected 325 gold pieces.

Inventory:

Hand Weapons
 a - a +0 spear
 n - a +1 glaive (weapon)
 o - a +0 trident
Missiles
 e - 3 javelins of returning (quivered)
Armour
 b - a +0 leather armour (worn)
 k - a +0 pair of boots (worn)
 y - a +1 cloak (worn)
Jewellery
 h - a +2 ring of evasion (left hand)
 i - an uncursed ring of sustain attributes {unknown}
 B - a ring of see invisible (right hand)
Scrolls
 f - 3 scrolls of identify
 p - a scroll of amnesia {unknown}
 q - a scroll of magic mapping
 u - 5 scrolls of remove curse {unknown}
 z - 2 scrolls of enchant armour
Potions
 g - 2 potions of curing
 j - a potion of agility {unknown}
 m - a potion of magic {unknown}
 t - a potion of might {unknown}
 v - a potion of cure mutation {unknown}
Books
 c - a book of Battle

   Spells                             Type                      Level
   a - Infusion                       Charms                       1
   b - Shroud of Golubria             Charms/Translocation         2
   c - Song of Slaying                Charms                       2
   d - Spectral Weapon                Hexes/Charms                 3
   e - Regeneration                   Charms/Necromancy            3
Comestibles
 d - 4 bread rations
 l - 3 meat rations
 r - a beef jerky
 w - 3 fruits
 A - a royal jelly
 C - 2 chunks of flesh


   Skills:
 + Level 4.5 Fighting
 + Level 5.7 Polearms
 - Level 1.0 Armour
 + Level 5.5 Dodging
 - Level 3.0 Spellcasting
 + Level 2.1 Hexes
 + Level 5.4 Charms
 + Level 2.4 Invocations


You had 9 spell levels left.
You knew the following spells:

 Your Spells              Type           Power        Failure   Level  Hunger
a - Infusion              Chrm           ##..         4%          1    #......
b - Spectral Weapon       Hex/Chrm       #.......     21%         3    ###....


Dungeon Overview and Level Annotations

Branches:
Dungeon (6/15)             Temple (0/1) D:5

Altars:
Fedhas
Hepliaklqana
Pakellas
Qazlal
Vehumet
Xom

Annotations:
D:2 Terence
D:6 Prince Ribbit


Message History

Prince Ribbit blinks!
As you read the scroll labeled DEOPTOXADD, it crumbles to dust.
It is a scroll of enchant weapon.
Enchant which weapon? (? for menu, Esc to quit)
Your +0 glaive glows red for a moment.
As you read the scroll labeled OPTAMP GUSEUB, it crumbles to dust.
You feel strangely unstable.
It was a scroll of teleportation.
Prince Ribbit blinks!
You see here a javelin of returning.
Your magical infusion is running out.
Your surroundings suddenly seem different.
An orc wizard comes into view. It is wielding a dagger.
The orc wizard shouts!
An orc wizard comes into view. It is wielding a dagger.
The orc wizard shouts!
Found a bread ration.
An orc wizard comes into view. It is wielding a dagger.
The orc wizard points at you and mumbles some strange words.
The puff of flame hits you!
You die...

*,,,,,,,* *,,,,,,**,,,,>,,,,,,,,
*,,,,,,*###*,,,,,,,,,,,**********
,,,,,,*##..#***,,,,,,,,*
,,,****......***,,,*,,,* **
,,**,,,..o.oo####****,,* *,
****,,,.........# *,,* *,
**,,,,,,,*###..#####*,,* *,
******,,*##........#*,,* *,
**,,,,,.%.......@..#*,,* *,
,,,,,,,................# *,
*******########........# *,
########## **


You could see 3 orc wizards.

Vanquished Creatures
  An orc warrior (D:6)
  An ogre (D:6)
  A giant frog (D:6)
  A quasit (D:5)
  A hound (D:6)
  An orc priest (D:5)
  2 worker ants
  2 orc wizards (D:5)
  A hound skeleton (D:4)
  Robin (D:2)
  6 adders
  An ooze (D:1)
  3 worms
  A dart slug (D:1)
  6 giant geckos
  16 orcs
  9 bats
  6 giant cockroaches
  18 goblins
  6 hobgoblins
  12 jackals
  3 quokkas
  A giant gecko skeleton (D:4)
  8 giant newts
  11 kobolds
  4 rats
123 creatures vanquished.

Vanquished Creatures (collateral kills)
  A scorpion (D:5)
  A crimson imp (D:5)
  A quasit (D:5)
  An orc priest (D:5)
  A giant frog skeleton (D:6)
  An iguana (D:5)
  A hound skeleton (D:5)
  An adder (D:5)
  2 orcs (D:5)
  7 jackals (D:5)
  A giant newt (D:5)
  A quokka skeleton (D:5)
19 creatures vanquished.

Vanquished Creatures (others)
  3 ancestors (D:6)
3 creatures vanquished.

Grand Total: 145 creatures vanquished

Notes
Turn   | Place    | Note
--------------------------------------------------------------
     0 | D:1      | Krapule the Merfolk Skald began the quest for the Orb.
     0 | D:1      | Reached XP level 1. HP: 16/16 MP: 3/3
   123 | D:1      | Reached XP level 2. HP: 22/22 MP: 5/5
   469 | D:1      | Reached skill level 1 in Armour
   637 | D:1      | Reached XP level 3. HP: 27/28 MP: 6/6
  1180 | D:2      | Noticed Robin
  1212 | D:2      | Killed Robin
  1226 | D:2      | Reached XP level 4. HP: 18/34 MP: 3/7
  1608 | D:2      | Noticed Terence
  2004 | D:1      | You fall through a shaft!
  2581 | D:2      | Reached XP level 5. HP: 32/41 MP: 8/8
  3041 | D:3      | Found a radiant altar of Vehumet.
  3584 | D:4      | Found a blossoming altar of Fedhas.
  3752 | D:4      | Reached XP level 6. HP: 29/47 MP: 10/10
  4164 | D:5      | Entered Level 5 of the Dungeon
  4459 | D:5      | Learned a level 3 spell: Spectral Weapon
  4478 | D:5      | Found a shimmering altar of Xom.
  4479 | D:5      | Found a hazy altar of Hepliaklqana.
  4480 | D:5      | Noticed a spectral ugly thing
  4528 | D:5      | Became a worshipper of Hepliaklqana
  4640 | D:5      | Found a stormy altar of Qazlal.
  4687 | D:5      | Reached skill level 1 in Hexes
  4798 | D:5      | Found a staircase to the Ecumenical Temple.
  4881 | D:5      | Reached skill level 1 in Invocations
  5224 | D:5      | Found an oddly glowing altar of Pakellas.
  5241 | D:5      | Reached XP level 7. HP: 44/53 MP: 11/11
  5319 | D:5      | Reached skill level 5 in Dodging
  5617 | D:6      | Reached skill level 5 in Polearms
  5617 | D:6      | Reached skill level 5 in Charms
  5624 | D:6      | Noticed Prince Ribbit
  5763 | D:6      | Reached XP level 8. HP: 50/61 MP: 8/12
  5863 | D:6      | Killed from afar by an orc wizard

Vault maps used:
D:1:      dpeg_arrival_court
D:2:      first_bread, st_stairs_5, uniq_terence, uniq_robin
D:3:      vehumet_crystals, minmay_liquid_box, grunt_ministairs_2,
          hangedman_decor_growths
D:4:      marbit_many_paths
D:5:      regret_index_temple_of_mockery, nicolae_overflow_crystal_walls,
          nicolae_qazlal_eye_of_the_storm, minmay_temple_entry_nine_rooms
D:6:      minmay_flawed_box, serial_shops, shop, bloody_trog,
          uniq_prince_ribbit1

Skill      XL: |  1  2  3  4  5  6  7 |
---------------+----------------------+-----
Dodging        | 2 3 4 5 |  5.5
Armour         | 1 |  1.0
Polearms       | 4 5 |  5.7
Fighting       | 3 4 |  4.5
Charms         | 4 5 |  5.4
Spellcasting   | 3 |  3.0
Hexes          | 1 2 |  2.1
Invocations    | 1 2 |  2.4

Action                   |  1- 3 |  4- 6 |  7- 9 || total
-------------------------+-------+-------+-------++-------
Melee: Spear             |   150 |    66 |       ||   216
       Glaive            |       |   259 |    71 ||   330
Throw: Javelin           |     2 |       |     3 ||     5
 Cast: Infusion          |     1 |     4 |     4 ||     9
  Use: Potion            |     1 |     1 |       ||     2
       Scroll            |       |     4 |     4 ||     8
 Stab: Sleeping          |     1 |     1 |       ||     2
       Distracted        |       |     1 |     1 ||     2
  Eat: Chunk             |     1 |    12 |     3 ||    16
       Pizza             |       |     1 |       ||     1
Armor: Leather armour    |    30 |   110 |    28 ||   168
Dodge: Dodged            |    71 |   336 |    91 ||   498
